 Dungeon Crawl Stone Soup version 0.20-a0-9-g62d82d9 (webtiles) character file.

84 JeffiDaFish the Skirmisher (level 4, -8/29 HPs)
             Began as a Gargoyle Fighter on Nov 2, 2016.
             Killed by divine providence
             ... invoked by an orc priest
              (12 damage)
             ... on level 3 of the Dungeon.
             The game lasted 00:04:36 (1379 turns).

JeffiDaFish the Skirmisher (Gargoyle Fighter)       Turns: 1379, Time: 00:04:37

Health: -8/29      AC: 10    Str: 20    XL:     4   Next: 46%
Magic:  4/4        EV:  7    Int:  9    God:
Gold:   90         SH:  9    Dex: 12    Spells: 0 memorised, 3 levels left

rFire  + . .     SeeInvis .     a - +2 rapier
rCold  . . .     Gourm    .     b - +0 scale mail
rNeg   + . .     Faith    .     c - +0 shield
rPois  ∞         Spirit   .     (no helmet)
rElec  +         Reflect  .     (no cloak)
rCorr  .         Harm     .     (no gloves)
MR     .....                    (no boots)
Stlth  ..........               (no amulet)
                                i - +3 ring of dexterity
                                e - ring of protection from fire

@: no status effects
A: negative energy resistance 1, electricity resistance, unbreathing,
petrification resistance, rot immunity, AC +3
a: no special abilities


You were on level 3 of the Dungeon.
You were not hungry.

You visited 1 branch of the dungeon, and saw 3 of its levels.

You collected 90 gold pieces.

Inventory:

Hand Weapons
 a - a +2 rapier (weapon)
Armour
 b - a +0 scale mail (worn)
 c - a +0 shield (worn)
Jewellery
 e - a ring of protection from fire (left hand)
 i - a +3 ring of dexterity (right hand)
Wands
 l - a wand of random effects (26/48)
Scrolls
 g - 4 scrolls of identify
 m - 4 scrolls of magic mapping
Potions
 d - a potion of might
 k - a potion of curing
Comestibles
 f - 2 bread rations
 h - a meat ration
 j - 5 chunks of flesh


   Skills:
 + Level 4.0 Fighting
 + Level 2.5 Short Blades
 + Level 3.8 Armour
 + Level 0.2 Dodging
 + Level 4.0 Shields


You had 3 spell levels left.
You didn't know any spells.

Dungeon Overview and Level Annotations

Branches:
Dungeon (3/15)

Altars:
Ru
Sif Muna


Innate Abilities, Weirdness & Mutations

You are resistant to torment.
Your stone body is resilient. (AC +3)
You are immune to poison.
You resist negative energy. (rN+)
You are resistant to electric shocks. (rElec)
You can survive without breathing.
You are immune to petrification.
You are immune to rotting.


Message History

You are too injured to fight recklessly!
You are too injured to fight recklessly!
You are too injured to fight recklessly!
The orc wizard looks braver for a moment.
You hit the orc warrior.
The orc warrior is severely wounded.
The orc warrior hits you with a hand axe.
* * * LOW HITPOINT WARNING * * *
You barely miss the orc warrior.
The orc warrior is severely wounded.
The orc wizard casts a cantrip, but nothing happens.
The orc warrior barely misses you.
You hit the orc warrior but do no damage.
The orc warrior is severely wounded.
The orc warrior barely misses you.
You hit the orc warrior but do no damage.
The orc warrior is severely wounded.
The orc priest calls down the wrath of Beogh upon you.
Beogh smites you!
You die...

#.# #.# #.# #.# #.#
#.# . #.# ##...
#.#########....!.
#.######....>..@ooo#
#............#######
############.# #...
#####


You could see an orc warrior, an orc priest and an orc wizard.

Vanquished Creatures
  3 adders (D:2)
  2 worms (D:2)
  3 dart slugs
  A leopard gecko (D:1)
  6 bats
  2 giant cockroaches (D:1)
  5 goblins
  6 hobgoblins
  2 jackals (D:2)
  5 kobolds
  2 ball pythons (D:2)
  6 frilled lizards
  2 rats (D:2)
45 creatures vanquished.

Notes
Turn   | Place    | Note
-------+----------+-------------------------------------------
     0 | D:1      | JeffiDaFish the Gargoyle Fighter began the quest for the Orb.
     0 | D:1      | Reached XP level 1. HP: 14/14 MP: 1/1
   137 | D:1      | Reached XP level 2. HP: 19/19 MP: 2/2
   403 | D:1      | Reached XP level 3. HP: 21/24 MP: 3/3
   704 | D:2      | Found a sacrificial altar of Ru.
   886 | D:2      | Reached XP level 4. HP: 29/29 MP: 4/4
  1269 | D:2      | Found a deep blue altar of Sif Muna.
  1364 | D:3      | Noticed an orc warrior
  1379 | D:3      | Killed from afar by an orc priest

Vault maps used:
D:1:      onia_arrival_pyramid
D:2:      marbit_many_paths, first_bread, lemuel_blue_sif_altar

Skill      XL: |  1  2  3  4 |
---------------+-------------+-----
Short Blades   | 2 |  2.5
Fighting       | 4 |  4.0
Shields        | 4 |  4.0
Armour         | |  3.8
Dodging        | |  0.2

Action                   |  1- 3 |  4- 6 || total
-------------------------+-------+-------++-------
Melee: Rapier            |    83 |    54 ||   137
  Use: Scroll            |     4 |     1 ||     5
       Potion            |     2 |     1 ||     3
  Eat: Chunk             |       |     2 ||     2
Armor: Scale mail        |    48 |    15 ||    63
Dodge: Dodged            |    18 |    17 ||    35
Block: Shield            |    32 |    21 ||    53
